 Dungeon Crawl Stone Soup version 0.23-a0-550-g7de1f8e (webtiles) character file.

116430 Firecrotchwizard the Earth Mage (level 16, 0/100 HPs)
             Began as a Gargoyle Earth Elementalist on Dec 9, 2018.
             Was the Champion of Makhleb.
             Slain by a large abomination (10 damage)
             ... on level 4 of the Swamp.
             The game lasted 01:54:28 (34180 turns).

Firecrotchwizard the Earth Mage (GrEE)             Turns: 34180, Time: 01:54:28

Health: 0/100      AC: 31    Str: 12    XL:     16   Next: 71%
Magic:  37/37      EV: 11    Int: 21    God:    Makhleb [******]
Gold:   828        SH:  4    Dex: 10    Spells: 12/32 levels left

rFire    + . .     SeeInvis .   a - +9 broad axe
rCold    + . .     Gourm    .   V - +0 buckler {AC+3}
rNeg     + . .     Faith    .   M - +0 troll leather armour {regen}
rPois    ∞         Spirit   .   i - +2 helmet
rElec    +         Reflect  .   w - scarf {rC+ rF+}
rCorr    .         Harm     .   u - +2 pair of gloves
MR       +....                  e - +2 pair of boots
Stlth    ++........             m - amulet of regeneration {+regen, !d}
HPRegen  1.06/turn              C - ring of wizardry {Wiz+, !d}
MPRegen  0.25/turn              j - ring of magical power {MP+9}

@: flying, slowed, very slow
A: big wings, negative energy resistance 1, electricity resistance, weak 1,
unbreathing, petrification resistance, rot immunity, AC +12
a: Stop Flying, Minor Destruction, Lesser Servant of Makhleb, Major Destruction,
Greater Servant of Makhleb, Renounce Religion


You were on level 4 of the Swamp.
You worshipped Makhleb.
Makhleb was exalted by your worship.
You were hungry.

You visited 5 branches of the dungeon, and saw 27 of its levels.
You visited 1 bazaar.

You collected 2605 gold pieces.
You spent 1777 gold pieces at shops.

Inventory:

Hand Weapons
 a - a +9 broad axe (weapon)
   (You took it off Urug on level 3 of the Lair of Beasts)
 f - a +2 war axe
   (You took it off an orc warlord on level 2 of the Orcish Mines)
Missiles
 p - 5 throwing nets {=f, !d}
 T - 290 stones (quivered)
Armour
 e - a +2 pair of boots (worn)
   (You found it on level 10 of the Dungeon)
 i - a +2 helmet (worn)
   (You found it on level 1 of the Dungeon)
 n - +0 swamp dragon scales
   (You found it on level 3 of the Swamp)
 u - a +2 pair of gloves (worn)
   (You found it on level 4 of the Dungeon)
 w - a scarf of resistance (worn)
   (You found it on level 4 of the Dungeon)
 G - a +2 scale mail of magic resistance
   (You took it off Harold on level 8 of the Dungeon)
 M - a +0 troll leather armour (worn) {regen}
   (You found it on level 12 of the Dungeon)
 V - a +0 buckler of protection (worn)
   (You took it off a tengu conjurer on level 13 of the Dungeon)
Magical Staves
 b - an uncursed staff of conjuration {!a}
   (You found it on level 1 of the Swamp)
Jewellery
 j - a ring of magical power (right hand) {MP+9}
   (You found it on level 9 of the Dungeon)
 m - an amulet of regeneration (around neck) {+regen, !d}
   (You bought it in a shop on level 2 of the Orcish Mines)
 C - a ring of wizardry (left hand) {Wiz+, !d}
   (You found it on level 11 of the Dungeon)
 K - an uncursed ring of protection from fire {rF+, !d}
   (You found it on level 8 of the Dungeon)
Wands
 q - a wand of flame (20)
   (You found it on level 1 of the Swamp)
 D - a wand of disintegration (24)
   (You found it on level 6 of the Dungeon)
 H - a wand of iceblast (15)
   (You found it on level 8 of the Dungeon)
Scrolls
 c - a scroll of acquirement
 g - a scroll of fog
 h - 3 scrolls of immolation {!r}
 l - 11 scrolls of identify
 r - 9 scrolls of remove curse
 t - 3 scrolls of magic mapping {!r}
 v - 5 scrolls of teleportation
 y - 2 scrolls of noise {!r}
 z - 7 scrolls of fear
 Q - a scroll of blinking {!r}
 S - 2 scrolls of enchant weapon
Potions
 k - 2 potions of flight {unknown}
 o - a potion of haste
 s - 3 potions of ambrosia
 x - 16 potions of curing
 A - 3 potions of cancellation
 B - 2 potions of heal wounds
 E - 3 potions of might {unknown}
 F - 2 potions of invisibility {unknown}
 I - 4 potions of brilliance
 J - 4 potions of lignification {unknown}
 L - 3 potions of berserk rage {!q}
 O - 3 potions of degeneration {unknown}
 P - 3 potions of mutation {unknown}
 W - 2 potions of agility
Miscellaneous
 N - a lightning rod (4/4)
   (You found it on level 3 of the Lair of Beasts)
 R - a lamp of fire
   (You found it on level 6 of the Lair of Beasts)
Comestibles
 d - 39 rations
 U - 3 chunks of flesh {@w0}


   Skills:
 - Level 11.6 Fighting
 * Level 13.0 Axes
 - Level 10.5 Armour
 - Level 1.5 Dodging
 - Level 2.1 Stealth
 - Level 4.8 Shields
 - Level 8.6 Spellcasting
 - Level 10.4 Conjurations
 - Level 1.0 Charms
 - Level 1.0 Necromancy
 - Level 3.0 Translocations
   Level 0.7 Transmutations
 - Level 16.1 Earth Magic
 - Level 9.9 Invocations


You had 12 spell levels left.
You knew the following spells:

 Your Spells              Type           Power        Failure   Level  Hunger
a - Sandblast             Erth           ######       0%          1    None
b - Blink                 Tloc           N/A          1%          2    None
c - Iron Shot             Conj/Erth      ######....   2%          6    ######.
r - Regeneration          Chrm/Necr      ##........   8%          3    None
x - Stone Arrow           Conj/Erth      ######       1%          3    None
z - Lee's Rapid Deconstr  Erth           ######....   1%          5    #####..

Your spell library contained the following spells:

 Spells                   Type           Power        Failure   Level  Hunger
 Magic Dart               Conj           ####         1%          1    None
 Shock                    Conj/Air       ####         1%          1    None
 Sting                    Conj/Pois      ####         1%          1    None
 Passwall                 Tmut/Erth      #####...     1%          2    None
 Searing Ray              Conj           ######       1%          2    None
 Throw Frost              Conj/Ice       ####..       1%          2    None
 Conjure Flame            Conj/Fire      ####....     1%          3    None
 Dazzling Spray           Conj/Hex       ####..       1%          3    None
 Static Discharge         Conj/Air       ####....     1%          3    None
 Iskenderun's Mystic Bla  Conj           ######..     1%          4    ###....
 Petrify                  Tmut/Erth      #####...     1%          4    ###....
 Animate Skeleton         Necr           N/A          2%          1    None
 Pain                     Necr           ##..         2%          1    None
 Mephitic Cloud           Conj/Pois/Air  ###.....     2%          3    None
 Force Lance              Conj/Tloc      #####...     2%          4    ###....
 Bolt of Magma            Conj/Fire/Erth #####.....   2%          5    #####..
 Freeze                   Ice            #...         3%          1    None
 Summon Small Mammal      Summ           #...         3%          1    None
 Swiftness                Chrm/Air       ##......     4%          2    None
 Fulminant Prism          Conj/Hex       ####......   4%          4    ###....
 Throw Icicle             Conj/Ice       ####....     4%          4    ###....
 Call Imp                 Summ           #.......     6%          2    None
 Poisonous Vapours        Pois/Air       #.....       6%          2    None
 Slow                     Hex            #.......     6%          2    None
 Vampiric Draining        Necr           ##........   8%          3    None
 Ozocubu's Armour         Chrm/Ice       ##......     9%          3    None
 Iskenderun's Battlesphe  Conj/Chrm      ####....     10%         5    #####..
 Call Canine Familiar     Summ           #.......     11%         3    None
 Ignite Poison            Fire/Tmut/Pois ##......     11%         3    None
 Summon Guardian Golem    Hex/Summ       #.......     11%         3    None
 Fireball                 Conj/Fire      ####......   12%         5    #####..
 Lightning Bolt           Conj/Air       ####......   12%         5    #####..
 Venom Bolt               Conj/Pois      ####......   12%         5    #####..
 Animate Dead             Necr           N/A          24%         4    ###....
 Airstrike                Air            #.........   32%         4    ###....
 Olgreb's Toxic Radiance  Pois           #.......     32%         4    ###....
 Summon Ice Beast         Ice/Summ       #.......     32%         4    ###....
 Summon Lightning Spire   Summ/Air       #.......     32%         4    ###....
 Orb of Destruction       Conj           ######....   38%         7    #######
 Bolt of Fire             Conj/Fire      ####......   52%         6    ######.
 Spellforged Servitor     Conj/Summ      ####......   97%         7    #######
 Ring of Flames           Chrm/Fire      ##........   100%        7    #######
 Ignition                 Fire           #.........   100%        8    #######


Dungeon Overview and Level Annotations

Branches:
Dungeon (14/15)            Temple (1/1) D:7            Lair (6/6) D:10
  Swamp (4/4) Lair:2        Snake (0/4) Lair:4        Slime (0/5) Lair:5
    Orc (2/2) D:12            Elf (0/3) Orc:2        Vaults (0/5) D:13

Altars:
Ashenzari
Cheibriados
Dithmenos
Elyvilon
Fedhas
Gozag
Hepliaklqana
Kikubaaqudgha
Makhleb
Nemelex Xobeh
Okawaru
Qazlal
Ru
Sif Muna
Trog
Uskayaw
Wu Jian
Xom
Yredelemnul
Zin
The Shining One
Beogh
Jiyva

Shops:
D:10 :   Orc:2 [**}}*%!*

Portals:
Hell: Lair:6

Annotations:
Lair:6 1 runed door, jermanator181's ghost, journeyman NaFi
Swamp:2 2 transporters


Innate Abilities, Weirdness & Mutations

You are resistant to torment.
Your stone body is resilient. (AC +12)
You are immune to poison.
Your large and strong wings let you fly indefinitely.
You resist negative energy. (rN+)
You are resistant to electric shocks. (rElec)
You can survive without breathing.
You are immune to petrification.
You are immune to rotting.
You are weak. (Str -2)


Message History

The large abomination barely misses you.
The swamp dragon barely misses you.
The swamp dragon claws you but does no damage.
The swamp dragon barely misses you. The shadow barely misses you.
The bog body misses you. The bog body barely misses you.
MP restored: 37 You slice the bog body!!
You completely miss the shadow. You slash the swamp dragon!
You kill the swamp dragon!
Makhleb accepts your kill.
Training target 1.0 for Charms reached!
Your Charms skill increases to level 1!
You hit the large abomination but do no damage.
A bog body comes into view.
The large abomination hits you but does no damage.
The shadow hits you.
The bog body hits you but does no damage.
You block the bog body's attack.
You slice the bog body!!
You destroy the bog body!
Makhleb accepts your kill.
You feel better.
Training target 1.0 for Necromancy reached!
Your Axes skill increases to level 13!
Your Necromancy skill increases to level 1!
You slash the large abomination! You hit the shadow but do no damage.
You block the shadow's attack. The large abomination hits you!
You take 4 damage, and have 76/100 hp.
The bog body casts a spell at you. The bolt of cold hits you! You resist.
The shadow closely misses you.
You block the large abomination's attack.
You see here a swamp dragon corpse.
You take 15 damage, and have 61/100 hp.
You barely miss the bog body. You closely miss the large abomination.
You hit the shadow.
You destroy the shadow!
Makhleb accepts your kill.
You feel better.
The bog body hits you but does no damage.
The bog body touches you. The bog body freezes you! You resist.
You regained 3 hp, and now have 64/100 hp.
You slash the bog body! You slash the large abomination!
The large abomination closely misses you.
You block the bog body's attack. The bog body barely misses you.
You hit the bog body. You barely miss the large abomination.
The large abomination barely misses you.
The bog body gestures at you while chanting.
The bolt of cold hits you! You resist.
You take 6 damage, and have 59/100 hp.
You completely miss the bog body. You closely miss the large abomination.
The large abomination hits you but does no damage.
The bog body casts a spell at you.
You easily resist.
You slice the bog body!! You barely miss the large abomination.
The large abomination hits you!!
The bog body gestures at you while chanting.
You feel yourself slow down.
You take 20 damage, and have 40/100 hp.
You closely miss the bog body.
You hit the large abomination but do no damage.
The large abomination closely misses you.
The bog body gestures at you while chanting.
You easily resist.
You slice the bog body!!
You destroy the bog body!
Makhleb accepts your kill.
You feel better.
You hit the large abomination but do no damage.
The large abomination hits you!!
* * * LOW HITPOINT WARNING * * *
The bog body points at you and mumbles some strange words.
You easily resist.
You take 11 damage, and have 30/100 hp.
The bog body hits you but does no damage.
The bog body closely misses you.
The large abomination barely misses you.
The bog body casts a spell at you.
You easily resist.
You regained 2 hp, and now have 32/100 hp.
You completely miss the bog body. You barely miss the large abomination.
The large abomination hits you but does no damage.
The bog body hits you but does no damage.
You block the bog body's attack.
You hit the large abomination. You hit the bog body.
The large abomination hits you.
The bog body hits you but does no damage.
The bog body closely misses you. The large abomination hits you!
* * * LOW HITPOINT WARNING * * *
The bog body hits you but does no damage.
The bog body touches you but does no damage.
You take 18 damage, and have 15/100 hp.
You hit the large abomination but do no damage.
You slash the bog body!
The bog body hits you but does no damage.
The bog body touches you.
* * * LOW HITPOINT WARNING * * *
The bog body freezes you. You resist.
* * * LOW HITPOINT WARNING * * *
The large abomination hits you!
You die...

..♣♣≈♣♣ ♣♣
♣≈...≈≈♣♣♣♣.≈≈≈.♣≈(≈
.. ♣♣♣ ♣♣♣ ♣.≈..≈.♣
♣.≈≈≈..♣.♣ ..
♣♣≈≈♣♣≈♣..≈♣♣
♣.≈≈..≈♣♣♣
♣.....≈.≈≈≈♣
♣....≈♣♣
♣♣.....≈≈≈.♣ ♣♣≈♣♣♣♣
♣.≈....≈≈.♣ ≈≈≈
§≈♣.....≈..## ###
.≈..≈..≈≈X#≈#
.§.≈/.≈..#@♣≈#
≈.≈...♣.♣≈#n#≈≈
.♣♣.≈.♣♣##≈#.#n ♣♣.♣
#≈#.≈ ♣♣ ≈.≈.≈
≈≈≈≈≈♣ ≈≈≈.# ≈##


You could see a large abomination and a bog body.

Vanquished Creatures
  Kirke (Lair:6)
  A thorn hunter (Swamp:2)
  2 orc warlords
  A stone giant (Orc:1)
  7 slime creatures
  Snorg (D:11)
  Harold (D:8)
  Fannar (Lair:1)
  10 hydras
  7 alligators
  A centaur warrior (D:14)
  A two-headed ogre (D:8)
  8 death yaks (Lair:5)
  A tengu warrior (D:13)
  5 spriggans
  Urug (Lair:3)
  4 orc high priests (Orc:2)
  Nergalle (D:12)
  A deep elf knight (D:13)
  A sixfirhy (Lair:6)
  A skeletal warrior (D:13)
  A wizard (Lair:6)
  2 orc knights
  5 swamp dragons
  15 ugly things
  An obsidian statue (D:11)
  2 cyclopes
  5 manticores
  8 deep elf magi
  4 orc sorcerers
  17 elephants
  6 black mambas
  An orange demon (Lair:6)
  A torpor snail (Lair:6)
  Psyche (D:11)
  A smoke demon (Lair:6)
  15 spiny frogs
  3 centaur skeletons
  A spiny frog (shapeshifter) (D:14)
  A gargoyle (D:14)
  6 rime drakes
  A freezing wraith (D:14)
  5 yaktaurs (D:13)
  10 komodo dragons
  A kobold demonologist (D:11)
  3 ice devils (Lair:6)
  A red devil (Lair:6)
  A tengu conjurer (D:13)
  8 trolls
  9 tyrant leeches
  5 hornets
  Grinder (D:4)
  3 bog bodies
  8 blink frogs
  5 dream sheep
  9 hippogriffs
  2 wyverns
  49 yaks
  A vampire (D:13)
  4 basilisks
  A wraith (D:12)
  2 shadows
  5 hogs (Lair:5)
  2 hungry ghosts
  9 vampire mosquitoes
  Grum (D:8)
  5 wargs
  A soldier ant (D:13)
  12 swamp worms
  21 insubstantial wisps
  4 hell hounds (Lair:6)
  Duvessa (D:4)
  12 water moccasins
  6 porcupines
  5 swamp drakes
  28 orc warriors
  4 ice beasts
  5 sky beasts
  An eye of draining (D:13)
  2 black bears (D:13)
  A small abomination (Swamp:4)
  3 phantoms
  A hornet zombie (D:10)
  A necrophage (D:13)
  8 centaurs
  11 ogres
  10 wolves
  2 big kobolds (D:11)
  12 crocodiles
  20 bullfrogs
  Blork the orc (D:9)
  Dowan (D:4)
  A wyvern skeleton (D:13)
  5 scorpions
  6 killer bees
  3 wights (D:6)
  2 electric eels (D:8)
  6 howler monkeys
  5 bullfrog zombies
  6 crimson imps
  A centaur zombie (D:10)
  A quasit (D:9)
  3 jellies
  4 bullfrog skeletons
  5 hounds
  25 orc priests
  7 iguanas
  29 orc wizards
  7 worker ants
  A centaur simulacrum (D:8)
  A hound skeleton (D:2)
  A worker ant zombie (D:7)
  6 gnolls
  7 adders
  5 shadow imps
  A white imp (D:7)
  An ufetubus (D:7)
  3 oozes
  2 adder zombies
  8 worms
  3 dart slugs (D:2)
  7 leopard geckos
  88 orcs
  3 ball pythons
  7 bats
  5 giant cockroaches
  4 goblins
  8 hobgoblins
  27 jackals
  6 quokkas
  4 frilled lizards
  7 kobolds
  9 rats
  A spectral orc (D:6)
  A bush (D:7)
  A fungus (Lair:5)
  A plant (D:7)
811 creatures vanquished.

Vanquished Creatures (collateral kills)
  Frances (D:14)
  3 ugly things (D:14)
  A hornet (D:14)
  An ice beast (D:11)
  A centaur (D:14)
7 creatures vanquished.

Vanquished Creatures (others)
  An alligator (Swamp:4)
  A vampire mosquito (Swamp:3)
  A killer bee (D:13)
  An orc (Orc:1)
  A bush (Lair:6)
  23 fungi
  7 plants
35 creatures vanquished.

Grand Total: 853 creatures vanquished

Notes
Turn   | Place    | Note
-------+----------+-------------------------------------------
     0 | D:1      | Firecrotchwizard the Gargoyle Earth Elementalist began the
                  | quest for the Orb.
     0 | D:1      | Reached XP level 1. HP: 10/10 MP: 3/3
   132 | D:1      | Reached skill level 4 in Earth Magic
   132 | D:1      | Reached XP level 2. HP: 15/15 MP: 3/5
   588 | D:1      | Reached XP level 3. HP: 19/19 MP: 6/6
  1235 | D:2      | Reached skill level 5 in Earth Magic
  1235 | D:2      | Reached XP level 4. HP: 17/24 MP: 4/8
  1342 | D:2      | Found a burning altar of Makhleb.
  1632 | D:2      | Reached skill level 3 in Spellcasting
  1633 | D:2      | Reached XP level 5. HP: 19/28 MP: 6/9
  1637 | D:2      | Reached skill level 6 in Earth Magic
  2090 | D:3      | Found a snail-covered altar of Cheibriados.
  2275 | D:3      | Reached skill level 1 in Fighting
  2291 | D:3      | You fall through a shaft!
  2430 | D:4      | Noticed Dowan
  2607 | D:3      | Reached XP level 6. HP: 34/34 MP: 5/10
  2772 | D:3      | Learned a level 3 spell: Stone Arrow
  3364 | D:4      | Noticed Grinder
  3432 | D:4      | Reached skill level 2 in Fighting
  3435 | D:4      | Reached skill level 1 in Conjurations
  3435 | D:4      | Reached skill level 7 in Earth Magic
  3523 | D:4      | Killed Grinder
  3523 | D:4      | Reached skill level 3 in Fighting
  3523 | D:4      | Reached skill level 2 in Conjurations
  3523 | D:4      | Reached XP level 7. HP: 35/41 MP: 3/11
  3729 | D:4      | Found a white marble altar of Elyvilon.
  3839 | D:4      | Found a shadowy altar of Dithmenos.
  3841 | D:4      | Noticed Duvessa
  4130 | D:5      | Entered Level 5 of the Dungeon
  4342 | D:5      | Reached skill level 3 in Conjurations
  4745 | D:5      | Reached skill level 4 in Fighting
  4745 | D:5      | Reached skill level 8 in Earth Magic
  4985 | D:5      | Reached XP level 8. HP: 42/48 MP: 12/12
  5004 | D:5      | Reached skill level 4 in Conjurations
  5690 | D:6      | Reached skill level 5 in Fighting
  6101 | D:6      | Found a basalt altar of Yredelemnul.
  6346 | D:7      | Noticed a hippogriff
  6362 | D:7      | Killed a hippogriff
  6362 | D:7      | Reached skill level 5 in Conjurations
  6362 | D:7      | Reached skill level 9 in Earth Magic
  6516 | D:7      | Reached skill level 6 in Fighting
  6559 | D:7      | Reached XP level 9. HP: 50/55 MP: 13/13
  6563 | D:7      | Found a staircase to the Ecumenical Temple.
  6629 | Temple   | Entered the Ecumenical Temple
  6857 | D:7      | Reached skill level 6 in Conjurations
  7080 | D:7      | Found a glowing golden altar of the Shining One.
  7080 | D:7      | Found a hazy altar of Hepliaklqana.
  7080 | D:7      | Found an ancient bone altar of Kikubaaqudgha.
  7140 | D:7      | Found a sparkling altar of Nemelex Xobeh.
  7507 | D:8      | Noticed a two-headed ogre
  7512 | D:8      | Killed a two-headed ogre
  7512 | D:8      | Reached skill level 7 in Fighting
  7512 | D:8      | Reached skill level 7 in Conjurations
  7512 | D:8      | Reached skill level 10 in Earth Magic
  7817 | D:8      | Learned a level 5 spell: Lee's Rapid Deconstruction
  7822 | D:8      | Noticed Harold
  7836 | D:8      | HP: 14/59 [Harold/+0 halberd (5)]
  7839 | D:8      | HP: 6/59 [Harold/+0 halberd (8)]
  7848 | D:8      | HP: 13/59 [Harold/+0 halberd (6)]
  7981 | D:8      | Killed Harold
  7981 | D:8      | Reached skill level 8 in Fighting
  7981 | D:8      | Reached skill level 8 in Conjurations
  7981 | D:8      | Reached skill level 11 in Earth Magic
  7981 | D:8      | Reached XP level 10. HP: 36/65 MP: 8/14
  8376 | D:8      | Found a roughly hewn altar of Beogh.
  8389 | D:8      | Reached skill level 1 in Armour
  8870 | D:8      | Reached skill level 2 in Armour
  9415 | D:8      | Noticed Grum
  9431 | D:8      | Killed Grum
  9432 | D:8      | Reached skill level 3 in Armour
  9432 | D:8      | Reached skill level 9 in Conjurations
 10233 | D:9      | Reached skill level 4 in Armour
 10233 | D:9      | Reached skill level 12 in Earth Magic
 10479 | D:9      | Noticed Blork the orc
 10484 | D:9      | Killed Blork the orc
 10491 | D:9      | Found a deep blue altar of Sif Muna.
 10591 | D:9      | Reached XP level 11. HP: 59/69 MP: 15/15
 10714 | D:9      | Reached skill level 5 in Armour
 10872 | D:9      | Noticed a cyclops
 10886 | D:9      | Killed a cyclops
 11268 | D:4      | Killed Duvessa
 11272 | D:4      | Killed Dowan
 11503 | D:6      | Reached skill level 10 in Conjurations
 11590 | D:10     | Entered Level 10 of the Dungeon
 11604 | D:10     | Reached skill level 6 in Armour
 11873 | D:10     | Found Ropuecao's Book Boutique.
 11976 | D:10     | Found a staircase to the Lair.
 12263 | D:11     | Noticed a manticore
 12277 | D:11     | Killed a manticore
 12277 | D:11     | Reached skill level 13 in Earth Magic
 12413 | D:11     | Found a flickering gateway to a bazaar.
 12418 | Bazaar   | Entered a bazaar
 12426 | Bazaar   | Found Fabaiqut's Antique Armour Shop.
 12439 | Bazaar   | Found Cigeuju's Gadget Shop.
 12530 | Lair:1   | Entered Level 1 of the Lair of Beasts
 12665 | Lair:1   | Reached skill level 7 in Armour
 12672 | Lair:1   | Noticed Fannar
 12703 | Lair:1   | HP: 13/69 [Fannar/bolt of cold (11)]
 12980 | Lair:1   | Killed Fannar
 12980 | Lair:1   | Reached skill level 9 in Fighting
 12980 | Lair:1   | Reached skill level 4 in Spellcasting
 13827 | D:2      | Became a worshipper of Makhleb the Destroyer
 14163 | D:10     | Bought a book of Minor Magic for 240 gold pieces
 14166 | D:10     | Learned a level 2 spell: Blink
 14600 | Lair:2   | Reached skill level 1 in Translocations
 14609 | Lair:1   | Reached skill level 8 in Armour
 14736 | Lair:2   | Reached XP level 12. HP: 68/76 MP: 19/19
 14744 | Lair:2   | Reached skill level 5 in Spellcasting
 14850 | Lair:2   | Reached skill level 2 in Translocations
 14884 | Lair:1   | Reached skill level 10 in Fighting
 15786 | Lair:2   | Found a staircase to the Swamp.
 15983 | Lair:2   | Reached skill level 9 in Armour
 15983 | Lair:2   | Reached skill level 6 in Spellcasting
 15988 | Lair:2   | Reached * piety under Makhleb
 17455 | Lair:3   | Noticed Urug
 17466 | Lair:3   | Killed Urug
 17603 | Lair:3   | Reached skill level 3 in Translocations
 18262 | Lair:4   | Reached skill level 11 in Fighting
 18408 | Lair:4   | Noticed an eight-headed hydra
 18412 | Lair:4   | Killed an eight-headed hydra
 18412 | Lair:4   | Reached skill level 7 in Spellcasting
 18482 | Lair:4   | Reached skill level 10 in Armour
 18506 | Lair:4   | Reached XP level 13. HP: 55/84 MP: 19/23
 18801 | Lair:4   | Found a staircase to the Snake Pit.
 19305 | Lair:5   | Found a staircase to the Slime Pits.
 19306 | Lair:5   | Found a viscous altar of Jiyva.
 20144 | D:10     | Bought a book of Power for 540 gold pieces
 20151 | D:10     | Learned a level 6 spell: Iron Shot
 20302 | Lair:6   | Entered Level 6 of the Lair of Beasts
 20324 | Lair:5   | Reached skill level 1 in Axes
 20529 | Lair:5   | Reached ** piety under Makhleb
 20652 | Lair:5   | Reached skill level 8 in Spellcasting
 20660 | Lair:5   | Reached skill level 2 in Axes
 21217 | Lair:5   | Reached skill level 3 in Axes
 21571 | Lair:6   | Reached skill level 1 in Invocations
 21585 | Lair:6   | Reached skill level 4 in Axes
 21734 | Lair:6   | Reached skill level 2 in Invocations
 21776 | Lair:6   | Reached skill level 3 in Invocations
 22048 | Lair:6   | Reached skill level 5 in Axes
 22146 | Lair:6   | Reached skill level 4 in Invocations
 22234 | Lair:6   | Found a runed door.
 22237 | Lair:6   | Identified the +5 trident of Voxef {flame, Stlth+}
 22296 | Lair:5   | Reached skill level 5 in Invocations
 22574 | Lair:5   | Reached skill level 6 in Axes
 22574 | Lair:5   | Gained mutation: Your large and strong wings let you fly
                  | indefinitely. [Gargoyle growth]
 22574 | Lair:5   | Reached XP level 14. HP: 90/90 MP: 9/26
 22576 | Lair:5   | Reached *** piety under Makhleb
 22842 | Lair:5   | Reached skill level 6 in Invocations
 23181 | Lair:6   | Noticed Kirke
 23395 | Lair:6   | Killed Kirke
 23395 | Lair:6   | Reached skill level 7 in Axes
 23515 | Lair:5   | Reached skill level 7 in Invocations
 24215 | Lair:6   | Reached skill level 8 in Invocations
 24224 | Lair:6   | Found a burning altar of Makhleb.
 24260 | Lair:6   | HP: 15/90 [ice devil (10)]
 24260 | Lair:6   | HP: 4/90 [ice devil (11)]
 24265 | Lair:6   | Reached skill level 8 in Axes
 24509 | Lair:6   | Found a gateway to Hell.
 24626 | Lair:6   | Noticed jermanator181's ghost (journeyman NaFi)
 25099 | D:11     | Noticed Psyche
 25103 | D:11     | Killed Psyche
 25460 | D:11     | Noticed Snorg
 25477 | D:11     | Killed Snorg
 25477 | D:11     | Reached skill level 9 in Invocations
 26394 | D:12     | Found a staircase to the Orcish Mines.
 26479 | D:12     | Reached **** piety under Makhleb
 26882 | D:13     | Reached skill level 9 in Axes
 27042 | D:13     | Reached skill level 1 in Shields
 27046 | D:13     | Reached skill level 2 in Shields
 27053 | D:13     | Reached skill level 3 in Shields
 27055 | D:13     | Reached XP level 15. HP: 95/95 MP: 12/27
 27302 | D:13     | Reached skill level 4 in Shields
 27562 | D:13     | Got a dazzling chain mail
 27563 | D:13     | Identified the cursed +1 chain mail of Refuge {Regen+
                  | Dex+4} (You found it on level 13 of the Dungeon)
 28035 | D:13     | Found a gate to the Vaults.
 28037 | D:13     | Reached ***** piety under Makhleb
 28296 | D:14     | Noticed Frances
 28302 | D:14     | Gained mutation: You are weak. (Str -2) [a neqoxec]
 28306 | D:14     | Killed Frances
 28826 | D:14     | Found a shimmering altar of Xom.
 28826 | D:14     | Found a shimmering altar of Xom.
 28828 | D:14     | Reached skill level 10 in Axes
 28838 | D:14     | Found a shimmering altar of Xom.
 28841 | D:14     | Found a shimmering altar of Xom.
 28842 | D:14     | Found a shimmering altar of Xom.
 28846 | D:14     | Found a shimmering altar of Xom.
 29089 | D:14     | Reached skill level 14 in Earth Magic
 29319 | Orc:1    | Entered Level 1 of the Orcish Mines
 29319 | Orc:1    | Noticed Nergalle
 29327 | Orc:1    | HP: 22/95 [troll (6)]
 29332 | D:12     | HP: 21/95 [Nergalle/+0 dagger (2)]
 29343 | D:12     | Killed Nergalle
 29581 | Orc:1    | Noticed an orc warlord
 29601 | Orc:1    | Killed an orc warlord
 29841 | Orc:1    | HP: 11/95 [stone giant (30)]
 30171 | Orc:1    | You are sucked into a shaft!
 30171 | Orc:2    | Entered Level 2 of the Orcish Mines
 30171 | Orc:2    | Found Addaoleune's Assorted Antiques.
 30195 | Orc:2    | Found Yclixiust's Antique Armour Shoppe.
 30197 | Orc:2    | HP: 14/95 [orc high priest/divine providence (15)]
 30200 | Orc:2    | Found a staircase to the Elven Halls.
 30322 | Orc:2    | Found Bon Isach's Food Boutique.
 30439 | Orc:2    | Found Baemu's General Store.
 30462 | Orc:2    | Noticed an orc warlord
 30487 | Orc:2    | Killed an orc warlord
 30538 | Orc:2    | Reached skill level 11 in Axes
 30651 | Orc:2    | Found Beedomugue's General Store.
 30656 | Orc:2    | Found Reixkie's Distillery.
 30670 | Orc:2    | Reached ****** piety under Makhleb
 30757 | Orc:2    | Bought an uncursed amulet of regeneration for 360 gold
                  | pieces
 30799 | Orc:2    | Found a roughly hewn altar of Beogh.
 30888 | Orc:2    | Found Niloipp's Gadget Boutique.
 30982 | Orc:2    | Reached skill level 15 in Earth Magic
 31059 | Orc:2    | Found Nouwkioxa's Gadget Emporium.
 31059 | Orc:2    | Found Nunyliurgh's Assorted Antiques.
 31077 | Orc:2    | Bought a scroll labeled VEYNUL RAIM for 31 gold pieces
 31098 | Orc:2    | Bought a scroll labeled ZOINUKK XONOBBI for 34 gold pieces
 31325 | Orc:2    | Bought a scroll of acquirement for 572 gold pieces
 31513 | Swamp:1  | Entered Level 1 of the Swamp
 31742 | Swamp:1  | Reached XP level 16. HP: 88/100 MP: 17/28
 32275 | Swamp:2  | Found a transporter.
 32360 | Swamp:2  | Noticed a thorn hunter
 32367 | Swamp:2  | Killed a thorn hunter
 32593 | Swamp:2  | Found a transporter.
 32789 | Swamp:2  | Reached skill level 12 in Axes
 33519 | Swamp:3  | Reached skill level 16 in Earth Magic
 33853 | Swamp:4  | Entered Level 4 of the Swamp
 34002 | Swamp:4  | Learned a level 3 spell: Regeneration
 34167 | Swamp:4  | Reached skill level 1 in Charms
 34168 | Swamp:4  | Reached skill level 13 in Axes
 34168 | Swamp:4  | Reached skill level 1 in Necromancy
 34179 | Swamp:4  | HP: 15/100 [large abomination (16)]
 34180 | Swamp:4  | Slain by a large abomination

Vault maps used:
D:1:      onia_arrival_pyramid
D:2:      bloody_makhleb, first_ration, eino_tiny_chamber
D:3:      minmay_spotlight, gup_sewer_entry_bowl, cheibriados_altar_1
D:4:      lemuel_crystal_altar, nicolae_dithmenos_the_darkroom, uniq_duvessa,
          uniq_grinder
D:6:      yredelemnul_forgotten_temple_becter
D:7:      nemelex_altar_shiori, gammafunk_temple_overflow_forgotten,
          temple_pool_b, grunt_ogre_cave
D:8:      special_room, serial_ice, serial_ice_e, serial_ice_h, serial_ice_f,
          serial_ice_m, uniq_harold, uniq_grum
D:9:      tgw_sif
D:10:     lair_entry_dummy, serial_shops, shop, minivault_22
D:11:     serial_shops, bzr_entry_road, portal_ice_cave_rime, minivault_16,
          uniq_snorg, uniq_psyche
D:12:     orc_0_dummy
D:13:     hangedman_vaults_entry_quadrant_bands
D:14:     xom_redecorated, uniq_frances
Temple:   nicolae_temple_figure_eight
Lair:1:   uniq_fannar
Lair:2:   minmay_swamp_entry_reptiles, gauntlet_entry_generic,
          chequers_serial_rivers_micro_b, beast_lair_carwin_2,
          grunt_megastairs_4
Lair:3:   serial_forest, infiniplex_forest_join, infiniplex_forest_lined_1,
          infiniplex_forest_straight_3, infiniplex_forest_lined_3,
          infiniplex_forest_lined_corner, infiniplex_forest_clump_C,
          infiniplex_forest_zigzag_2, infiniplex_forest_diagonal,
          grunt_megastairs_1, uniq_urug
Lair:4:   dummy_snake_entry
Lair:5:   slime_altar_1, lemuel_fruit_fields, grunt_megastairs_3,
          serial_bayou_shore_b
Lair:6:   evil_forest, ebering_ghost_funeral_grove, uniq_kirke
Swamp:1:  evilmike_swamp_ruin_house_6
Swamp:2:  gammafunk_its_a_trap, evilmike_swamp_ruin_house_2,
          nicolae_swamp_round_clearing, swamp_pool3
Swamp:3:  evilmike_swamp_ruin_house_3
Swamp:4:  swamp_vile
Orc:1:    uniq_nergalle
Orc:2:    st_orc_mages, serial_shops, shop_statue, shop_fountains, shop_statue,
          shop_fountains, shop, lemuel_statue_altar
Bazaar:   bazaar_jpeg_cross

Skill      XL: |  1  2  3  4  5  6  7  8  9 10 11 12 13 14 15 16 |
---------------+-------------------------------------------------+-----
Earth Magic    | 4 5 6 7 8 9 11 12 13 15 16 | 16.1
Spellcasting   | 3 4 7 8 |  8.6
Fighting       | 1 3 4 6 8 9 11 | 11.6
Conjurations   | 2 3 5 8 9 10 | 10.4
Armour         | 4 8 10 | 10.5
Translocations | 1 3 |  3.0
Axes           | 6 9 11 13 | 13.0
Invocations    | 5 9 |  9.9
Shields        | 3 4 |  4.8
Charms         | 1 |  1.0
Necromancy     | 1 |  1.0
Dodging        | |  1.5
Stealth        | |  2.1
Transmutations | |  0.7

Action                   |  1- 3 |  4- 6 |  7- 9 | 10-12 | 13-15 | 16-18 || total
-------------------------+-------+-------+-------+-------+-------+-------++-------
Melee: Dagger            |    66 |   218 |   556 |   107 |       |       ||   947
       War axe           |       |       |       |   188 |       |       ||   188
       Unarmed           |       |       |       |     3 |       |       ||     3
       Scimitar          |       |       |       |   276 |       |       ||   276
       Broad axe         |       |       |       |    69 |   942 |   380 ||  1391
Throw: Stone             |     3 |     2 |     5 |     1 |     2 |     2 ||    15
 Cast: Sandblast         |    18 |    44 |    97 |   120 |   112 |    35 ||   426
       Stone Arrow       |       |       |    10 |   123 |   241 |    38 ||   412
       Lee's Rapid Decon |       |       |       |     6 |    20 |       ||    26
       Blink             |       |       |       |       |     1 |       ||     1
       Iron Shot         |       |       |       |       |     8 |     2 ||    10
Invok: Lesser Servant of |       |       |       |       |     6 |       ||     6
       Major Destruction |       |       |       |       |     1 |       ||     1
 Abil: Fly               |       |       |       |       |     1 |       ||     1
Evoke: Wand              |       |       |     1 |       |       |       ||     1
  Use: Potion            |       |       |     1 |       |     5 |       ||     6
       Scroll            |       |       |       |    23 |    16 |     2 ||    41
 Stab: Sleeping          |     1 |     4 |     2 |       |       |       ||     7
       Confused          |       |       |       |       |     2 |       ||     2
  Eat: Chunk             |     1 |     7 |    13 |    26 |    61 |     3 ||   111
       Ration            |       |       |     1 |     5 |     3 |       ||     9
Armor: Robe              |    33 |    69 |    55 |       |       |       ||   157
       Ring mail         |       |       |    72 |     1 |       |       ||    73
       Scale mail        |       |       |       |   639 |   612 |       ||  1251
       Troll leather arm |       |       |       |       |   488 |   341 ||   829
Dodge: Dodged            |    55 |    89 |   222 |   451 |   698 |   225 ||  1740
Block: Buckler           |       |       |       |       |   125 |    93 ||   218
       Rpst.: Scimitar   |       |       |       |    61 |       |       ||    61

Table legend:
 A = Non-vault XP
 B = Vault XP
 C = Vault XP percentage of total XP
 D = Non-vault monster count
 E = Vault monster count
 F = Vault count percentage of total count
                 A         B        C        D         E       F
            +---------+---------+-------+---------+---------+-------
      Total |  124661 |   41668 |  25.1 |     646 |     172 |  21.0
            +---------+---------+-------+---------+---------+-------
        D:1 |      48 |       0 |   0.0 |      22 |       0 |   0.0
        D:2 |     155 |       0 |   0.0 |      27 |       0 |   0.0
        D:3 |      92 |      17 |  15.6 |      26 |       7 |  21.2
        D:4 |     173 |     509 |  74.6 |      11 |       3 |  21.4
        D:5 |     709 |       0 |   0.0 |      27 |       0 |   0.0
        D:6 |     472 |       1 |   0.2 |      11 |       1 |   8.3
        D:7 |    1392 |     618 |  30.7 |      17 |       9 |  34.6
        D:8 |    1552 |    2024 |  56.6 |      18 |      28 |  60.9
        D:9 |    2986 |      85 |   2.8 |      34 |       1 |   2.9
       D:10 |    1699 |       0 |   0.0 |      14 |       0 |   0.0
       D:11 |    2065 |    2674 |  56.4 |      19 |       5 |  20.8
       D:12 |    4610 |     804 |  14.9 |      29 |       1 |   3.3
       D:13 |    6638 |    7066 |  51.6 |      36 |      20 |  35.7
       D:14 |    9403 |    1919 |  16.9 |      28 |       1 |   3.4
     Lair:1 |    4172 |    1023 |  19.7 |      20 |       1 |   4.8
     Lair:2 |    5600 |    1555 |  21.7 |      22 |       8 |  26.7
     Lair:3 |    2274 |    1250 |  35.5 |      11 |       4 |  26.7
     Lair:4 |    3608 |       0 |   0.0 |      16 |       0 |   0.0
     Lair:5 |   18066 |    1503 |   7.7 |      51 |       7 |  12.1
     Lair:6 |    7599 |   11872 |  61.0 |      21 |      27 |  56.2
    Swamp:1 |    9707 |       0 |   0.0 |      27 |       0 |   0.0
    Swamp:2 |   12744 |       0 |   0.0 |      33 |       0 |   0.0
    Swamp:3 |   12197 |       0 |   0.0 |      34 |       0 |   0.0
    Swamp:4 |    5162 |    3057 |  37.2 |      18 |       7 |  28.0
      Orc:1 |    5955 |       0 |   0.0 |      26 |       0 |   0.0
      Orc:2 |    5583 |    5691 |  50.5 |      48 |      42 |  46.7
            +---------+---------+-------+---------+---------+-------

Vault maps used:
D:1:      onia_arrival_pyramid
D:2:      bloody_makhleb, first_ration, eino_tiny_chamber
D:3:      minmay_spotlight, gup_sewer_entry_bowl, cheibriados_altar_1
D:4:      lemuel_crystal_altar, nicolae_dithmenos_the_darkroom, uniq_duvessa,
          uniq_grinder
D:6:      yredelemnul_forgotten_temple_becter
D:7:      nemelex_altar_shiori, gammafunk_temple_overflow_forgotten,
          temple_pool_b, grunt_ogre_cave
D:8:      special_room, serial_ice, serial_ice_e, serial_ice_h, serial_ice_f,
          serial_ice_m, uniq_harold, uniq_grum
D:9:      tgw_sif
D:10:     lair_entry_dummy, serial_shops, shop, minivault_22
D:11:     serial_shops, bzr_entry_road, portal_ice_cave_rime, minivault_16,
          uniq_snorg, uniq_psyche
D:12:     orc_0_dummy
D:13:     hangedman_vaults_entry_quadrant_bands
D:14:     xom_redecorated, uniq_frances
Temple:   nicolae_temple_figure_eight
Lair:1:   uniq_fannar
Lair:2:   minmay_swamp_entry_reptiles, gauntlet_entry_generic,
          chequers_serial_rivers_micro_b, beast_lair_carwin_2,
          grunt_megastairs_4
Lair:3:   serial_forest, infiniplex_forest_join, infiniplex_forest_lined_1,
          infiniplex_forest_straight_3, infiniplex_forest_lined_3,
          infiniplex_forest_lined_corner, infiniplex_forest_clump_C,
          infiniplex_forest_zigzag_2, infiniplex_forest_diagonal,
          grunt_megastairs_1, uniq_urug
Lair:4:   dummy_snake_entry
Lair:5:   slime_altar_1, lemuel_fruit_fields, grunt_megastairs_3,
          serial_bayou_shore_b
Lair:6:   evil_forest, ebering_ghost_funeral_grove, uniq_kirke
Swamp:1:  evilmike_swamp_ruin_house_6
Swamp:2:  gammafunk_its_a_trap, evilmike_swamp_ruin_house_2,
          nicolae_swamp_round_clearing, swamp_pool3
Swamp:3:  evilmike_swamp_ruin_house_3
Swamp:4:  swamp_vile
Orc:1:    uniq_nergalle
Orc:2:    st_orc_mages, serial_shops, shop_statue, shop_fountains, shop_statue,
          shop_fountains, shop, lemuel_statue_altar
Bazaar:   bazaar_jpeg_cross

Table legend:
 A = Turns spent in this place as a percentage of turns spent in the entire game.
 B = Non-inter-level travel turns spent in this place as a percentage of non-inter-level travel turns spent in the entire game.
 C = Inter-level travel turns spent in this place as a percentage of turns spent in this place.
 D = Turns resting spent in this place as a percentage of non-inter-level travel turns spent in this place.
 E = Turns spent auto-exploring this place as a percentage of non-inter-level travel turns spent in this place.
 F = Non-inter-level travel turns spent in this place divided by the number of levels of this place that you've seen.
                   A       B       C       D       E      F
               +-------+-------+-------+-------+-------+----------------------
         Total | 100.0 | 100.0 |   6.5 |  35.8 |  40.5 | 1141.0
       Dungeon |  51.5 |  51.2 |   7.0 |  32.4 |  43.3 | 1168.1
        Temple |   0.6 |   0.5 |  18.3 |   0.0 |  98.7 | 156.0
          Lair |  34.6 |  34.3 |   7.3 |  47.5 |  34.8 | 1828.3
         Swamp |   7.8 |   8.2 |   1.9 |  18.9 |  45.4 | 654.2
  Orcish Mines |   5.4 |   5.6 |   3.1 |  24.1 |  36.9 | 889.0
        Bazaar |   0.2 |   0.2 |   0.0 |   0.0 |  58.9 |  73.0
               +-------+-------+-------+-------+-------+----------------------

Table legend:
 A = Kills in this place as a percentage of kills in entire the game.
 B = Kills by you in this place as a percentage of kills by you in the entire game.
 C = Kills by friends in this place as a percentage of kills by friends in the entire game.
 D = Other kills in this place as a percentage of other kills in the entire game.
 E = Experience gained in this place as a percentage of experience gained in the entire game.
 F = Experience gained in this place divided by the number of levels of this place that you have seen.
                   A       B       C       D       E      F
               +-------+-------+-------+-------+-------+----------------------
         Total | 100.0 | 100.0 | 100.0 | 100.0 | 100.0 | 5940.3
       Dungeon |  48.3 |  47.9 | 100.0 |  33.3 |  28.7 | 3407.9
          Lair |  23.0 |  23.3 |   0.0 |   0.0 |  35.2 | 9753.7
         Swamp |  14.5 |  14.5 |   0.0 |  66.7 |  25.8 | 10716.8
  Orcish Mines |  14.2 |  14.4 |   0.0 |   0.0 |  10.4 | 8614.5
               +-------+-------+-------+-------+-------+----------------------
